 Dungeon Crawl Stone Soup version 0.23.0-3-gf3c87f2df8 (webtiles) character file.

Game seed: 17444201867994292637

254 PentaManta the Cutter (level 6, -5/61 HPs)
             Began as a Kobold Berserker on Feb 20, 2019.
             Was a Believer of Trog.
             Shot with an arrow by a centaur (10 damage)
             ... on level 5 of the Dungeon.
             The game lasted 00:13:07 (3566 turns).

PentaManta the Cutter (Kobold Berserker)            Turns: 3566, Time: 00:13:08

Health: -5/61      AC:  3    Str: 21    XL:     6   Next: 38%
Magic:  6/6        EV: 15    Int:  8    God:    Trog [**....]
Gold:   160        SH:  0    Dex: 15    Spells: 5/5 levels left

rFire    + . .     SeeInvis .   h - +2 dagger (venom)
rCold    . . .     Gourm    .   (shield restricted)
rNeg     . . .     Faith    .   b - +1 animal skin
rPois    .         Spirit   .   (no helmet)
rElec    .         Reflect  .   (no cloak)
rCorr    .         Harm     .   (no gloves)
MR       ++...                  (no boots)
Stlth    ..........             (no amulet)
HPRegen  1.20/turn              i - ring of protection from fire
MPRegen  0.10/turn              (no ring)

@: berserking, regenerating, very quick
A: small, carnivore
a: Berserk, Trog's Hand, Renounce Religion


You were on level 5 of the Dungeon.
You worshipped Trog.
Trog was pleased with you.
You were very full.

You visited 2 branches of the dungeon, and saw 6 of its levels.

You collected 160 gold pieces.

Inventory:

Hand Weapons
 a - a +0 short sword
 h - a +2 dagger of venom (weapon)
 p - a +0 blowgun
Missiles
 q - 24 poisoned needles
Armour
 b - a +1 animal skin (worn)
Jewellery
 i - a ring of protection from fire (left hand)
 r - a +3 ring of strength {unknown}
Wands
 k - a wand of iceblast (7)
Scrolls
 j - a scroll of fear
 l - a scroll of enchant armour
 o - a scroll of blinking {unknown}
Potions
 d - 2 potions of brilliance
 e - a potion of resistance
 f - a potion of curing {unknown}
 g - a potion of agility {unknown}
 n - a potion of invisibility {unknown}
Comestibles
 c - 4 rations
 m - 2 chunks of flesh


   Skills:
 + Level 5.7 Fighting
 + Level 6.8 Short Blades
 - Level 1.5 Armour
 - Level 2.4 Dodging


You had 5 spell levels left.
You didn't know any spells.
Your spell library was empty.

Dungeon Overview and Level Annotations

Branches:
Dungeon (5/15)             Temple (1/1) D:4

Altars:
Dithmenos
Elyvilon
Fedhas
Gozag
Hepliaklqana
Kikubaaqudgha
Makhleb
Nemelex Xobeh
Ru
Sif Muna
Trog
Uskayaw
Vehumet
Yredelemnul


Innate Abilities, Weirdness & Mutations

You are small and have problems with some larger weapons.
You are carnivorous and can eat meat at any time.


Message History

You see here an arrow.
The centaur shoots an arrow.
The arrow barely misses you.
The centaur shoots an arrow.
The arrow hits you!
The centaur shoots an arrow.
The arrow hits you.
* * * LOW HITPOINT WARNING * * *
You see here 2 arrows.
Your skin crawls.
You feel resistant to hostile enchantments.
You feel somewhat less full.
The centaur shoots an arrow.
The arrow closely misses you.
The centaur shoots an arrow.
The arrow hits you.
* * * LOW HITPOINT WARNING * * *
Things that are here:
an arrow; a short sword; a leather armour A red film seems to cover your vision as you go berserk!
You feel yourself moving faster!
You feel mighty!
The centaur shoots an arrow.
The arrow hits you!
* * * LOW HITPOINT WARNING * * *
The centaur shoots an arrow.
The arrow hits you!
You die...

####
######..
#......#
#.....<#
#...((.#
###......#
.......(.#
###....@.#
#......#
#......#
#......#
#.....c#
########


You could see a centaur.

Vanquished Creatures
  Ijyb (D:3)
  2 worker ants (D:4)
  2 hound skeletons (D:4)
  Robin (D:3)
  A howler monkey skeleton (D:4)
  3 adders (D:2)
  3 adder skeletons (D:4)
  3 worms
  4 dart slugs
  3 leopard geckos
  5 orcs
  3 giant cockroaches
  5 hobgoblins
  8 jackals
  8 kobolds
  2 ball pythons
  3 bats
  A frilled lizard (D:3)
  14 goblins
  6 rats
78 creatures vanquished.

Notes
Turn   | Place    | Note
-------+----------+-------------------------------------------
     0 | D:1      | PentaManta the Kobold Berserker began the quest for the
                  | Orb.
     0 | D:1      | Reached XP level 1. HP: 14/14 MP: 1/1
    19 | D:1      | Noticed an ogre
   121 | D:1      | Reached XP level 2. HP: 17/19 MP: 2/2
   736 | D:2      | Reached XP level 3. HP: 24/24 MP: 3/3
   947 | D:2      | Reached skill level 5 in Short Blades
  1152 | D:2      | Found a shadowy altar of Dithmenos.
  1254 | D:2      | Reached XP level 4. HP: 30/30 MP: 4/4
  1359 | D:2      | Found a sacrificial altar of Ru.
  1462 | D:3      | Noticed Robin
  1484 | D:3      | Reached ** piety under Trog
  1502 | D:3      | Killed Robin
  1791 | D:3      | Noticed Ijyb
  1810 | D:3      | Killed Ijyb
  1810 | D:3      | Reached XP level 5. HP: 25/34 MP: 5/5
  1914 | D:3      | Reached skill level 5 in Fighting
  1914 | D:3      | Reached skill level 6 in Short Blades
  2426 | D:3      | Found a sparkling altar of Nemelex Xobeh.
  3011 | D:4      | Found a burning altar of Makhleb.
  3071 | D:4      | Reached XP level 6. HP: 33/40 MP: 6/6
  3134 | D:4      | Found a hazy altar of Hepliaklqana.
  3204 | D:4      | Found a staircase to the Ecumenical Temple.
  3213 | Temple   | Entered the Ecumenical Temple
  3560 | D:5      | Entered Level 5 of the Dungeon
  3566 | D:5      | Shot with an arrow by a centaur

Skill      XL: |  1  2  3  4  5 |
---------------+----------------+-----
Fighting       | 4 5 |  5.7
Short Blades   | 5 6 |  6.8
Armour         | |  1.5
Dodging        | |  2.4

Action                   |  1- 3 |  4- 6 || total
-------------------------+-------+-------++-------
Melee: Short sword       |    75 |    51 ||   126
       Dagger            |       |   129 ||   129
Invok: Berserk           |     5 |     4 ||     9
       Trog's Hand       |       |     1 ||     1
  Use: Scroll            |     3 |     7 ||    10
 Stab: Sleeping          |     3 |     3 ||     6
       Distracted        |       |     1 ||     1
  Eat: Chunk             |    13 |    12 ||    25
Armor: Animal skin       |     6 |    27 ||    33
Dodge: Dodged            |    45 |   102 ||   147
